 Dungeon Crawl Stone Soup version 0.22.1-6-g1668fe2c40 (webtiles) character file.

27 Kohma the Sneak (level 2, 0/13 HPs)
             Began as a Spriggan Enchanter on Jan 21, 2019.
             Slain by a hobgoblin (5 damage)
             ... on level 1 of the Dungeon.
             The game lasted 00:03:59 (1194 turns).

Kohma the Sneak (Spriggan Enchanter)                Turns: 1194, Time: 00:03:59

Health: 0/13       AC:  2    Str:  4    XL:     2   Next: 93%
Magic:  7/7        EV: 18    Int: 16    God:
Gold:   41         SH:  0    Dex: 16    Spells: 4/7 levels left

rFire    . . .     SeeInvis +   a - +1 dagger
rCold    . . .     Gourm    .   (shield restricted)
rNeg     . . .     Faith    .   b - +0 robe
rPois    .         Spirit   .   (helmet restricted)
rElec    .         Reflect  .   (no cloak)
rCorr    .         Harm     .   (gloves unavailable)
MR       .....                  (boots unavailable)
Stlth    +++.......             (no amulet)
HPRegen  0.04/turn              (no ring)
MPRegen  0.10/turn              (no ring)

@: very quick
A: very small, unfitting armour, see invisible, herbivore, speed 3, slow
metabolism 2
a: no special abilities


You were on level 1 of the Dungeon.
You were not hungry.

You visited 1 branch of the dungeon, and saw 1 of its levels.

You collected 41 gold pieces.

Inventory:

Hand Weapons
 a - a +1 dagger (weapon)
Missiles
 j - 12 stones (quivered)
Armour
 b - a +0 robe (worn)
Scrolls
 e - a scroll of immolation {unknown}
 h - 6 scrolls of identify {unknown}
 l - a scroll of enchant weapon {unknown}
Potions
 c - a potion of heal wounds {unknown}
 f - a potion of lignification {unknown}
 g - a potion of magic {unknown}
 i - a potion of agility {unknown}
 k - 2 potions of might {unknown}
Comestibles
 d - 2 rations


   Skills:
 - Level 1.3 Short Blades
 - Level 3.2 Dodging
 - Level 4.6 Stealth
 + Level 3.1 Spellcasting
 * Level 4.2 Hexes
 + Level 0.4 Ice Magic


You had 4 spell levels left.
You knew the following spells:

 Your Spells              Type           Power        Failure   Level  Hunger
a - Corona                Hex            ###....      3%          1    None
b - Ensorcelled Hibernat  Hex/Ice        #.....       11%         2    ##.....

Your spell library contained the following spells:

 Spells                   Type           Power        Failure   Level  Hunger
 Confuse                  Hex            ###.....     10%         3    ###....
 Tukima's Dance           Hex            ###.....     10%         3    ###....
 Dazzling Spray           Conj/Hex       #.....       24%         3    ###....


Dungeon Overview and Level Annotations

Branches:
Dungeon (1/15)

Altars:


Innate Abilities, Weirdness & Mutations

You are very small and have problems with some larger weapons.
You are too small for most types of armour.
You have supernaturally acute eyesight. (SInv)
You are a herbivore.
You cover ground extremely quickly.
You need to consume almost no food.


Message History

You closely miss the goblin. The goblin hits you with a club.
You hit the goblin.
The goblin is moderately wounded.
The goblin closely misses you.
You hit the goblin.
You kill the goblin!
The hobgoblin hits you.
Things that are here:
a club; a goblin corpse You closely miss the hobgoblin.
The hobgoblin closely misses you.
You barely miss the hobgoblin. The hobgoblin closely misses you.
You barely miss the hobgoblin. The hobgoblin completely misses you.
You closely miss the hobgoblin. The hobgoblin hits you.
You hit the hobgoblin but do no damage. The hobgoblin misses you.
You hit the hobgoblin.
The hobgoblin is severely wounded.
You barely miss the hobgoblin.
The hobgoblin is severely wounded.
The hobgoblin hits you.
You die...

#.....# #...# #.....#
##..############ #.....#
#..#........... .. #.....#
#..#.########## ..!####+###
##.#.# # ..........####.#.# #
#...?.....#......# #
#.........#.....###########
#############..g@................
..<.....#############.###########
.............##### #.#
##'###...........####.#
#...##'###'##......##.#
#.>.#...#...##'#....#.#
#...#...#...#..###..#.#
##'###.##...#...##'##.#
.....#'##...#...#...#.#


You could see a hobgoblin.

Vanquished Creatures
  2 leopard geckos (D:1)
  2 bats (D:1)
  A giant cockroach (D:1)
  5 goblins (D:1)
  3 hobgoblins (D:1)
  3 jackals (D:1)
  4 frilled lizards (D:1)
  2 rats (D:1)
22 creatures vanquished.

Notes
Turn   | Place    | Note
-------+----------+-------------------------------------------
     0 | D:1      | Kohma the Spriggan Enchanter began the quest for the Orb.
     0 | D:1      | Reached XP level 1. HP: 9/9 MP: 5/5
   463 | D:1      | Reached XP level 2. HP: 10/13 MP: 6/6
   518 | D:1      | Learned a level 2 spell: Ensorcelled Hibernation
  1194 | D:1      | Slain by a hobgoblin

Skill      XL: |  1  2 |
---------------+-------+-----
Spellcasting   | 3 |  3.1
Hexes          | 4 |  4.2
Short Blades   | |  1.3
Dodging        | |  3.2
Stealth        | |  4.6
Ice Magic      | |  0.4

Action                   || total
-------------------------++-------
Melee: Dagger            ||    96
 Cast: Ensorcelled Hiber ||     5
 Stab: Sleeping          ||     8
Armor: Robe              ||     6
Dodge: Dodged            ||    72
